Map: Ultralove

Players

Spirit (souL)

  • Race: Terran Terran
  • League: Master
  • Spawn Location: 7:00

VITmaru (Maru) - Winner!

  • Race: Terran Terran
  • Spawn Location: 1:00

Event: HomeStory Cup XXVI

VOD

Have the link to the VOD?

Description

Time

  • Played on: Nov. 29, 2024, 3:39 p.m.
  • Length: 6:14

All games in this series

Show
View Real Time Build Order
Export as new Build Order

Spirit Terran 

Build Orders:  

Get SALT Encoding   

  12  0:00  SCV  
  13  0:14  Supply Depot  
  13  0:17  SCV  
  14  0:37  Barracks  
  14  0:40  Refinery  
  14  0:54  Barracks  
  14  0:59  SCV  
  15  1:11  SCV  
  16  1:24  Reaper  
  16  1:25  Orbital Command  
  17  1:32  Refinery  
  17  1:42  Reaper  
  18  1:53  SCV  
  19  1:54  Supply Depot  
  19  2:00  Reaper  
  20  2:05  SCV  
  21  2:14  Reaper  
  22  2:17  SCV  
  23  2:29  SCV  
  24  2:32  Reaper  
  25  2:37  Factory  
  25  2:42  SCV  
  26  2:54  SCV  
  27  3:06  SCV  
  27  3:12  Command Center  
  28  3:18  SCV  
  29  3:22  Factory Tech Lab  
  29  3:24  Supply Depot  
  27  3:30  SCV  
  27  3:34  Starport  
  27  3:41  Cyclone  
  30  3:42  SCV  
  31  3:51  Starport  
  31  3:57  SCV  
  31  4:09  SCV  
  32  4:13  Cyclone  
  34  4:17  Medivac  
  34  4:21  SCV  
  34  4:23  Refinery, Barracks Reactor  
  37  4:25  Orbital Command  
  37  4:33  SCV  
  38  4:41  Command Center  
  39  4:45  SCV  
  39  4:50  Liberator  
  39  4:52  SCV  
  43  4:57  SCV  
  43  4:59  Marine  
  45  5:00  Marine  
  45  5:04  SCV  
  47  5:09  SCV  
  47  5:10  Siege Tank  
  51  5:16  SCV  
  51  5:17  Marine  
  53  5:22  SCV  
  53  5:24  Marine  
  54  5:34  SCV  
  54  5:35  SCV  
  54  5:46  SCV  
  54  5:47  SCV  
  49  5:54  SCV  
  48  5:58  SCV  
  48  5:59  SCV  
Show
View Real Time Build Order
Export as new Build Order

VITmaru Terran - Winner!

Build Orders: Reaper Expand 

Get SALT Encoding   

  12  0:00  SCV  
  13  0:12  SCV  
  14  0:18  Supply Depot  
  14  0:24  SCV  
  15  0:39  SCV  
  15  0:41  Barracks  
  16  0:43  Refinery  
  16  0:51  SCV  
  17  1:03  SCV  
  18  1:15  SCV  
  19  1:28  Orbital Command, Reaper  
  20  1:40  Command Center  
  20  1:53  Bunker  
  20  1:54  SCV  
  20  1:57  Supply Depot  
  20  1:58  Bunker  
  20  2:00  Marine  
  22  2:04  Factory  
  22  2:07  SCV  
  23  2:18  Marine  
  23  2:19  SCV  
  25  2:31  SCV  
  25  2:36  Marine  
  27  2:43  Supply Depot, SCV  
  28  2:47  Hellion  
  30  2:54  Marine  
  31  3:06  Command Center  
  31  3:11  Hellion  
  33  3:13  SCV  
  34  3:21  Starport  
  33  3:29  SCV  
  33  3:35  Factory Tech Lab, Barracks Reactor  
  33  3:41  SCV, Refinery  
  34  3:53  SCV  
  35  3:56  Command Center  
  35  3:58  Cyclone  
  38  4:05  SCV  
  38  4:14  Marine  
  39  4:17  Marine, Medivac  
  39  4:18  SCV  
  43  4:30  SCV, Refinery  
  44  4:32  Marine  
  44  4:35  Marine  
  46  4:38  Siege Tank  
  46  4:42  SCV  
  46  4:43  Orbital Command  
  50  4:51  Starport Tech Lab  
  50  4:56  SCV  
  50  4:57  Marine  
  50  4:58  Marine  
  53  5:00  Supply Depot  
  53  5:08  SCV  
  53  5:12  SCV  
  53  5:13  Siege Tank  
  57  5:22  Raven  
  57  5:23  SCV  
  57  5:25  SCV  
  62  5:28  Orbital Command  
  62  5:35  SCV  
  59  5:37  SCV  
  59  5:40  Marine  
  60  5:47  SCV  
  60  5:49  SCV  
  57  5:51  Marine  
  57  5:56  SCV  
  58  5:59  SCV  
  58  6:01  SCV  
  58  6:07  Barracks  
Tags
 
League
Master
Matchup
TvT
Player
MarusouL
Race
Terran
Spawn Locations
Cross Positions
Add a new tag
Caveats
  • Supply blocks, unpowered buildings, or Contaminate may cause inaccurate times.
  • Supply counts are checked every 10 seconds.